[Event "Early-Titled-Tuesday-Blitz-February-20-2024"]
[Site "Chess.com"]
[Date "2024.02.20"]
[Round "5"]
[White "Joachim100x"]
[Black "dosto07"]
[Result "0-1"]
[WhiteElo "2252"]
[BlackElo "2499"]
[TimeControl "180+1"]
[EndTime "8:54:15 PST"]
[Termination "dosto07 won by resignation"]

1. e4 e5 2. Nf3 Nc6 3. Nc3 Nf6 4. d4 exd4 5. Nxd4 Bb4 6. Nxc6 bxc6 7. Bd3 d5 8. exd5 O-O 9. O-O cxd5 10. Bg5 c6 11. Qf3 Bd6 12. h3 Rb8 13. Rab1 Re8 14. Bf4 Rb4 15. Bxd6 Qxd6 16. b3 Bd7 17. Rfe1 Rbb8 18.
Ne2 Re5 19. Ng3 Rbe8 20. Rxe5 Qxe5 21. a4 a5 22. Rd1 g6 23. Rf1 h5 24. Ne2 Ne4 25.
Bxe4 Qxe4 26. Qxe4 Rxe4 27. Re1 c5 28. Kf1 d4 29. Ng3 Rxe1+ 30. Kxe1 c4 31. Kd2 cxb3 32. cxb3 Be6 33. Kc2 d3+ 34. Kxd3 Bxb3 35. Ne4 Bxa4 36. f3 Bb5+ 37. Ke3 a4 38. Nc3 Bc6 39. g4 h4 40. Kf4 f6 41. Ke3 Kf7 42. f4 Ke6 43. Ne2 a3 44. Nc3 Bg2 0-1

[Event "Early-Titled-Tuesday-Blitz-February-20-2024"]
[Site "Chess.com"]
[Date "2024.02.20"]
[Round "5"]
[White "NewYearGirl"]
[Black "cmunda"]
[Result "1-0"]
[WhiteElo "2365"]
[BlackElo "2135"]
[TimeControl "180+1"]
[EndTime "8:54:29 PST"]
[Termination "NewYearGirl won by resignation"]

1. e4 c5 2. Nf3 Nc6 3. d4 cxd4 4. Nxd4 e6 5. Nc3 Nf6 6. Ndb5 Bb4 7. a3 Bxc3+ 8. Nxc3 d5 9. exd5 exd5 10. Bd3 O-O 11. O-O h6 12. h3 Re8 13. Qf3 Ne5 14. Qg3 Nxd3 15. Qxd3 Be6 16. Be3 a6 17. Rad1 Rc8 18. Bd4 Nd7 19. Qg3 Qg5 20. Qxg5 hxg5 21. Be3 f6 22.
Rd2 Ne5 23. Bd4 Nc4 24. Re2 b5 25. Rfe1 Kf7 26. Na2 a5 27. Nc3 b4 28. axb4 axb4 29.
Na4 Bf5 30. c3 Rxe2 31. Rxe2 Bd3 32. Re3 bxc3 33. Rxd3 c2 34. Rc3 Nd6 35. Bc5 Rxc5 36. Nxc5 1-0

[Event "Early-Titled-Tuesday-Blitz-February-20-2024"]
[Site "Chess.com"]
[Date "2024.02.20"]
[Round "5"]
[White "nekotyanof"]
[Black "Heinza9"]
[Result "0-1"]
[WhiteElo "2592"]
[BlackElo "2310"]
[TimeControl "180+1"]
[EndTime "8:54:30 PST"]
[Termination "Heinza9 won by resignation"]

1. e4 e5 2. Nf3 Nc6 3. Bc4 Nf6 4. O-O Nxe4 5. Re1 d5 6. Bb5 Bc5 7. d4 exd4 8. Bg5 f6 9. Bf4 O-O 10. Bxc6 bxc6 11. Nxd4 Bd7 12. c3 Rb8 13. b4 Bb6 14. a3 Re8 15. Nd2 Nxc3 16. Qf3 Bxd4 17. Nb3 Ne2+ 18.
Rxe2 Bxa1 19. Nxa1 Rxe2 20. Qxe2 Qe8 21. Qd2 Qe4 22.
Nc2 Re8 23. Be3 Bf5 24. Ne1 d4 25. Qa2+ Be6 26. Qc2 Qxc2 27. Nxc2 dxe3 28. fxe3 Bf5 29. Nd4 Be4 30. Kf1 a5 31. bxa5 Ra8 32. Nb3 Bd5 33. Nd4 Rxa5 0-1

[Event "Early-Titled-Tuesday-Blitz-February-20-2024"]
[Site "Chess.com"]
[Date "2024.02.20"]
[Round "5"]
[White "ARMQUEEN"]
[Black "Szparu"]
[Result "0-1"]
[WhiteElo "2499"]
[BlackElo "2784"]
[TimeControl "180+1"]
[EndTime "8:54:31 PST"]
[Termination "Szparu won by resignation"]

1. e4 c5 2. Nc3 d6 3. d4 cxd4 4. Qxd4 Nf6 5. b3 Nc6 6. Qd2 e6 7. Bb2 d5 8. exd5 exd5 9. O-O-O Bb4 10. f3 Qa5 11. Qe3+ Be6 12. Nb5 Qxa2 13. Nc7+ Kd7 14.
Nxa8 Ba3 15. Qc3 Qa1+ 16. Kd2 Qxb2 17. Qxb2 Bxb2 18. c3 d4 19. Kc2 Bxc3 20. Ne2 Nd5 21. Nxc3 Nxc3 22. g4 Nxd1 23. Kxd1 Bxb3+ 24. Kd2 Rxa8 25. Bd3 h6 26. h4 a5 27. g5 a4 28. f4 a3 29. Bf5+ Kd6 30. gxh6 gxh6 31. Ra1 a2 32. Kc1 Bd5 33. Kb2 Na5 34. Bc2 Nc4+ 35. Kc1 Ne3 36. Bd3 Ra3 37. Kd2 Nc4+ 38. Kc2 Rc3+ 39. Kd1 Rxd3+ 40.
Ke2 Rd2+ 0-1

[Event "Early-Titled-Tuesday-Blitz-February-20-2024"]
[Site "Chess.com"]
[Date "2024.02.20"]
[Round "5"]
[White "bylavochka"]
[Black "Mikhail_Golubev"]
[Result "0-1"]
[WhiteElo "2298"]
[BlackElo "2641"]
[TimeControl "180+1"]
[EndTime "8:54:33 PST"]
[Termination "Mikhail_Golubev won on time"]

1. e4 c5 2. Nf3 d6 3. d4 Nf6 4.
Nc3 cxd4 5. Nxd4 Nc6 6. f3 e5 7.
Nb3 Be7 8. Be3 O-O 9. Qd2 a5 10. a4 Be6 11. Bb5 Nb4 12. O-O d5 13. exd5 Nfxd5 14. Nxd5 Qxd5 15. Qxd5 Bxd5 16. Nc5 Nxc2 17. Bf2 Nxa1 18.
Rxa1 Bxc5 19. Bxc5 Rfc8 20. Bd6 f6 21. Rd1 Bc6 22.
Bc4+ Kh8 23. Bb3 Rd8 24. Kf2 Ra6 25. f4 Bxa4 26. Bxa4 Raxd6 0-1

[Event "Early-Titled-Tuesday-Blitz-February-20-2024"]
[Site "Chess.com"]
[Date "2024.02.20"]
[Round "5"]
[White "Licancabur"]
[Black "MAGMAchess02"]
[Result "0-1"]
[WhiteElo "2404"]
[BlackElo "2246"]
[TimeControl "180+1"]
[EndTime "8:54:33 PST"]
[Termination "MAGMAchess02 won by resignation"]

1. d4 d5 2. Bg5 Bf5 3. e3 c6 4. Nd2 h6 5. Bh4 Nf6 6. Bxf6 exf6 7. g3 Bd6 8. Bg2 O-O 9. Ne2 Qd7 10. O-O Bh3 11. c4 Bxg2 12. Kxg2 Qe6 13. Rc1 f5 14. Qb3 b6 15. cxd5 cxd5 16. Nc3 Nc6 17. Qxd5 Nb4 18. Qxe6 fxe6 19. a3 Nd3 20. Rb1 Rac8 21. Nb5 Bb8 22. Rfd1 Rc2 23. d5 e5 24. Rbc1 Nxc1 25. d6 a6 26. d7 axb5 27. Nb3 Rd8 28. Nxc1 Rc7 0-1

[Event "Early-Titled-Tuesday-Blitz-February-20-2024"]
[Site "Chess.com"]
[Date "2024.02.20"]
[Round "5"]
[White "Chessdreamer2020"]
[Black "Cheer_Down"]
[Result "0-1"]
[WhiteElo "2540"]
[BlackElo "2425"]
[TimeControl "180+1"]
[EndTime "8:54:40 PST"]
[Termination "Cheer_Down won by checkmate"]

1. e4 e5 2. Nf3 Nc6 3. Bb5 a6 4.
Bxc6 dxc6 5. Nc3 f6 6. d4 Bg4 7.
dxe5 Qxd1+ 8. Nxd1 Bxf3 9. gxf3 fxe5 10. f4 exf4 11. Bxf4 O-O-O 12. Ne3 Bc5 13. Ke2 Nf6 14. f3 Rhe8 15. Rad1 Nh5 16. Bg5 Rxd1 17. Rxd1 h6 18.
Bh4 Nf4+ 19. Kf2 Bxe3+ 20. Kxe3 Ng2+ 21. Kf2 Nxh4 22. Ke3 g5 23. f4 Ng2+ 24. Kf3 Nxf4 25. h4 Ne6 26. Rh1 Rf8+ 27. Ke3 Rf4 28. hxg5 hxg5 29.
Rh6 Kd7 30. e5 Rf7 31. b4 Rg7 32. Kf3 Ke7 33. c3 Rf7+ 34. Kg3 b5 35. Rh8 Rf4 36. Ra8 Rc4 37. Rxa6 Rxc3+ 38. Kg4 Rc4+ 39. Kf5 Rf4+ 40. Kg6 Rc4 41. a3 g4 42. Ra8 Nd8 43. a4 Rxb4 44. axb5 cxb5 45. Ra3 Re4 46. Kf5 Rc4 47. Ra7 Ne6 48.
Ra8 b4 49. Rh8 Rf4+ 50. Kg6 Rf7 51. Kh5 Rg7 52. Ra8 g3 53. Ra1 g2 54. Rg1 b3 55.
Kh4 b2 56. Kh3 b1=Q 57. Rxb1 g1=Q 58. Rxg1 Rxg1 59. Kh2 Rg5 60. Kh3 Kf7 61. Kh4 Kg6 62. Kh3 Kf5 63. Kh4 Kf4 64. Kh3 Rg4 65. Kh2 Rg3 66.
Kh1 Kf3 67. Kh2 Kf2 68. Kh1 Rh3# 0-1

[Event "Early-Titled-Tuesday-Blitz-February-20-2024"]
[Site "Chess.com"]
[Date "2024.02.20"]
[Round "5"]
[White "dealshark"]
[Black "Kotlyar_K"]
[Result "1-0"]
[WhiteElo "2425"]
[BlackElo "2582"]
[TimeControl "180+1"]
[EndTime "8:54:40 PST"]
[Termination "dealshark won by resignation"]

1. Nf3 Nf6 2. g3 g6 3. Bg2 Bg7 4. O-O O-O 5. c4 c6 6. Nc3 d5 7. cxd5 cxd5 8. d4 Ne4 9. Bf4 Nxc3 10. bxc3 Nc6 11. Rb1 e6 12. Qd2 Re8 13. Bh6 Bh8 14. h4 Na5 15. h5 Nc4 16. Qc1 Qa5 17. hxg6 hxg6 18. Bg5 e5 19. dxe5 Nxe5 20. Qf4 Nxf3+ 21. Bxf3 Bxc3 22. Rfd1 d4 23. Bf6 d3 24. Bxc3 Qxc3 25. Rxd3 Qc2 26. Rc1 Qxa2 27. Bd5 Qa4 28. Qxa4 1-0

[Event "Early-Titled-Tuesday-Blitz-February-20-2024"]
[Site "Chess.com"]
[Date "2024.02.20"]
[Round "5"]
[White "falzehope0"]
[Black "aldebaran52"]
[Result "1-0"]
[WhiteElo "2404"]
[BlackElo "2187"]
[TimeControl "180+1"]
[EndTime "8:54:41 PST"]
[Termination "falzehope0 won by resignation"]

1. d4 d5 2. e3 Nf6 3. Bd3 e6 4. f4 c5 5. c3 Nc6 6. Nf3 Bd6 7. O-O O-O 8. Ne5 Ne7 9. Nd2 Nf5 10. Qf3 Be7 11. g4 Nd6 12. g5 Nfe4 13. Nxe4 dxe4 14. Bxe4 Nxe4 15. Qxe4 Rb8 16. Qf3 Bd6 17. b3 Bxe5 18. dxe5 Bd7 19. Rd1 Qe7 20. Ba3 Bc6 21. e4 b6 22. Rd6 Qb7 23. Re1 Rbd8 24. Qd3 Rxd6 25. exd6 f5 26. exf5 Rxf5 27. Rxe6 Qd7 28. Qxf5 1-0

[Event "Early-Titled-Tuesday-Blitz-February-20-2024"]
[Site "Chess.com"]
[Date "2024.02.20"]
[Round "5"]
[White "rikchessmx"]
[Black "Bilan_Danila"]
[Result "0-1"]
[WhiteElo "2239"]
[BlackElo "2472"]
[TimeControl "180+1"]
[EndTime "8:54:41 PST"]
[Termination "Bilan_Danila won by resignation"]

1. e4 c6 2. d4 d5 3. Nc3 b5 4.
exd5 b4 5. Nce2 cxd5 6. Be3 Nf6 7. Ng3 Nc6 8. Nf3 Bg4 9. h3 Bxf3 10. Qxf3 e6 11. Be2 Be7 12. O-O O-O 13. c4 bxc3 14.
bxc3 Na5 15. Rfc1 Rc8 16. Bg5 Nc4 17. Bd3 g6 18. Bf4 Nd7 19. Bh6 Re8 20. Nf1 Bg5 21.
Bxg5 Qxg5 22. Ne3 Ndb6 23. a4 a5 24. Ng4 Kg7 25. Rcb1 Nd2 26. Qf6+ Qxf6 27. Nxf6 Kxf6 28. Rxb6 Rxc3 29. Bb5 Rec8 30. Ra6 Rc2 31. Rxa5 Nb3 32. Bd7 Nxa5 33. Bxc8 Rxc8 34. Rb1 Rc4 35. Rb5 Rxa4 36.
g3 Nc6 0-1

[Event "Early-Titled-Tuesday-Blitz-February-20-2024"]
[Site "Chess.com"]
[Date "2024.02.20"]
[Round "5"]
[White "Sjakkerntobi"]
[Black "Jamal-Jamal-Jamal"]
[Result "1-0"]
[WhiteElo "2503"]
[BlackElo "2272"]
[TimeControl "180+1"]
[EndTime "8:54:42 PST"]
[Termination "Sjakkerntobi won by resignation"]

1. e4 c6 2. Nc3 d5 3. Nf3 dxe4 4. Nxe4 Nf6 5. Qe2 Nxe4 6. Qxe4 Nd7 7. Bc4 Nf6 8. Ne5 e6 9. Qe2 b5 10. Bd3 Qc7 11. b3 Bd6 12. Bb2 O-O 13. O-O Nd5 14. f4 Bb7 15. Rf3 f6 16. Qe4 g6 17. Nxg6 hxg6 18.
Qxe6+ Kg7 19. Bxg6 Nxf4 20. Rxf4 Bxf4 21. Qg4 Bg5 22.
Qxg5 c5 23. Bf5+ Kf7 24. Qxf6+ Ke8 25. Re1+ 1-0

[Event "Early-Titled-Tuesday-Blitz-February-20-2024"]
[Site "Chess.com"]
[Date "2024.02.20"]
[Round "5"]
[White "DeArron_Fox"]
[Black "YurasovMat-2012"]
[Result "1-0"]
[WhiteElo "2524"]
[BlackElo "2630"]
[TimeControl "180+1"]
[EndTime "8:54:43 PST"]
[Termination "DeArron_Fox won by resignation"]

1. d4 d5 2. c4 c6 3. Nc3 Nf6 4. e3 e6 5. Nf3 Nbd7 6. Qc2 Bd6 7. Bd3 h6 8. O-O O-O 9. h3 dxc4 10. Bxc4 b5 11. Bd3 Bb7 12. e4 e5 13. dxe5 Nxe5 14. Nxe5 Bxe5 15. Be3 Bd6 16. f4 Qe7 17. e5 Bc5 18. Rae1 Nd7 19. Ne4 Bxe3+ 20. Rxe3 Nb6 21. Rg3 Kh8 22. Nd6 Nd5 23. Nf5 Qd8 24. Nxg7 Nb4 25. Qe2 Qh4 26. Nf5 Qd8 27. Qh5 1-0

[Event "Early-Titled-Tuesday-Blitz-February-20-2024"]
[Site "Chess.com"]
[Date "2024.02.20"]
[Round "5"]
[White "inagreV"]
[Black "ninguno46"]
[Result "0-1"]
[WhiteElo "2369"]
[BlackElo "2548"]
[TimeControl "180+1"]
[EndTime "8:54:43 PST"]
[Termination "ninguno46 won on time"]

1. e4 c5 2. Nf3 Nc6 3. Bb5 d6 4. O-O Bd7 5. Re1 Nf6 6. c3 a6 7. Bf1 Bg4 8. d4 cxd4 9. cxd4 e5 10. d5 Nd4 11. Be3 Nxf3+ 12. gxf3 Bd7 13. Nd2 Nh5 14. Nc4 Nf4 15. Bxf4 exf4 16. e5 Qg5+ 17. Kh1 O-O-O 18. Qd4 Kb8 19. Qb6 Bc8 20. exd6 h5 21. Re5 Qf6 22. Qc7+ Ka7 23. Qb6+ Ka8 24. Rc1 Bxd6 25. Nxd6 Rxd6 26. Qd4 Rhd8 27. Rce1 Bd7 28. Qe4 g6 0-1

[Event "Early-Titled-Tuesday-Blitz-February-20-2024"]
[Site "Chess.com"]
[Date "2024.02.20"]
[Round "5"]
[White "Chesstiger64"]
[Black "ShieldingOff"]
[Result "0-1"]
[WhiteElo "2323"]
[BlackElo "2230"]
[TimeControl "180+1"]
[EndTime "8:54:44 PST"]
[Termination "ShieldingOff won by checkmate"]

1. d4 c5 2. d5 e5 3. e4 d6 4. Be2 Be7 5. Nf3 Bg4 6. Nfd2 Bxe2 7. Qxe2 Bg5 8. Qb5+ Qd7 9. Qxd7+ Nxd7 10. Nc4 Bxc1 11. Nxd6+ Ke7 12. Nf5+ Kf8 13. Nd2 Bxd2+ 14. Kxd2 Ne7 15.
Nd6 b6 16. c4 Nf6 17. f3 a6 18. b4 cxb4 19. Rhb1 Rd8 20. Nb7 Rd7 21. Rxb4 Rxb7 22. c5 Nexd5 23. exd5 Nxd5 24. Re4 f6 25. cxb6 Rxb6 26.
Rc1 Kf7 27. Rc2 Rd8 28. Ke2 Nf4+ 29. Kf2 Rd7 30. Ra4 Nd3+ 31. Kg3 Kg6 32. h4 h5 33. Rd2 Rbd6 34. Rd1 Nf4 35. Rxd6 Rxd6 36. Kf2 Rd2+ 37.
Ke3 Rxg2 38. Rxa6 Re2# 0-1

[Event "Early-Titled-Tuesday-Blitz-February-20-2024"]
[Site "Chess.com"]
[Date "2024.02.20"]
[Round "5"]
[White "Schachmalanders"]
[Black "DefiantChair"]
[Result "1-0"]
[WhiteElo "2468"]
[BlackElo "2574"]
[TimeControl "180+1"]
[EndTime "8:54:45 PST"]
[Termination "Schachmalanders won by resignation"]

1. e4 c5 2. Nc3 d6 3. g3 g6 4. Bg2 Bg7 5. Nge2 Nc6 6. d3 e6 7. Be3 Nge7 8. Qd2 O-O 9. Bh6 Rb8 10. h4 f6 11. Bxg7 Kxg7 12. h5 g5 13. f4 e5 14.
fxg5 Ng8 15. gxf6+ Nxf6 16. h6+ Kh8 17. O-O-O Be6 18.
Rdf1 Qe7 19. Nd5 Bxd5 20. exd5 Nd4 21. Nxd4 cxd4 22. Qg5 Nxd5 23. Qg7+ Qxg7 24. hxg7+ Kxg7 25. Bxd5 b5 26. Be4 h6 27. Bg2 b4 28. Rxf8 Rxf8 29. Rf1 Rb8 30. Bd5 Kg6 31. Be4+ Kg7 32. Bd5 Kg6 33.
Rf7 Rb5 34. Be6 Ra5 35. Rb7 Kf6 36. Bb3 Kf5 37. Rxb4 Kg4 38. Rb8 Kxg3 39. Rh8 d5 40. Rxh6 e4 41. Rh5 e3 42. c3 Ra6 43. Re5 Kf4 44. cxd4 Rh6 45. Bxd5 Rh2 46. Re4+ Kf5 47. Rxe3 Kf6 48. Re6+ Kf5 49. Re7 Kf4 50. a4 a5 51. Kb1 Rd2 52. Bc4 Rh2 53. d5 Rh6 54. Ra7 Ke5 55. Rxa5 Kd4 56. d6 Rh8 57. d7 Rb8 58. Rd5+ Ke3 59. d8=Q 1-0

[Event "Early-Titled-Tuesday-Blitz-February-20-2024"]
[Site "Chess.com"]
[Date "2024.02.20"]
[Round "5"]
[White "annamaja"]
[Black "janhelmer03"]
[Result "1-0"]
[WhiteElo "2389"]
[BlackElo "2174"]
[TimeControl "180+1"]
[EndTime "8:54:47 PST"]
[Termination "annamaja won on time"]

1. e4 c5 2. Nf3 Nc6 3. Bb5 Nf6 4. Bxc6 bxc6 5. d3 g6 6. O-O Bg7 7. Re1 O-O 8. Nc3 d6 9. h3 Rb8 10. a4 a5 11. Rb1 Nd7 12. Bd2 e5 13. Ne2 Ba6 14. Bc3 Qb6 15. Qd2 f5 16. Bxa5 Qb7 17. Ng5 Rbe8 18. exf5 gxf5 19. Ng3 f4 20. N3e4 Qb8 21. b4 d5 22. bxc5 Qa7 23. Nd6 Rb8 24.
Ne6 Rf6 25. Nxg7 Kxg7 26. Qe2 Nxc5 27. Qxe5 Rf8 28. Ne8+ Rxe8 29. Qxe8 Rf7 30. Bb6 1-0

[Event "Early-Titled-Tuesday-Blitz-February-20-2024"]
[Site "Chess.com"]
[Date "2024.02.20"]
[Round "5"]
[White "Al_Shima"]
[Black "Goffredo_Fofi"]
[Result "0-1"]
[WhiteElo "2390"]
[BlackElo "2554"]
[TimeControl "180+1"]
[EndTime "8:54:49 PST"]
[Termination "Goffredo_Fofi won on time"]

1. d4 g6 2. Nc3 Bg7 3. e4 c6 4.
Nf3 d5 5. e5 Bg4 6. Be3 e6 7.
h3 Bxf3 8. Qxf3 Ne7 9. Bd3 Nd7 10. h4 h5 11. g4 hxg4 12. Qxg4 Nf5 13. h5 c5 14. Bxf5 exf5 15. Qf4 cxd4 16. Bxd4 Nf8 17. h6 Ne6 18. Qe3 Bf8 19. O-O-O f4 20. Qd3 Rxh6 21. Rxh6 Bxh6 22. Kb1 Qa5 23. Rh1 Bg7 24. Rh7 O-O-O 25. Nb5 Nxd4 26. Nxd4 Qe1+ 0-1

[Event "Early-Titled-Tuesday-Blitz-February-20-2024"]
[Site "Chess.com"]
[Date "2024.02.20"]
[Round "5"]
[White "dmosesov"]
[Black "nj123456"]
[Result "1-0"]
[WhiteElo "2585"]
[BlackElo "2440"]
[TimeControl "180+1"]
[EndTime "8:54:50 PST"]
[Termination "dmosesov won by resignation"]

1. Nf3 Nf6 2. c4 e6 3. g3 d5 4. Bg2 Be7 5. O-O O-O 6. b3 c5 7. e3 Nc6 8. Bb2 b6 9. Nc3 Bb7 10. cxd5 exd5 11. d4 h6 12. Rc1 Rc8 13. Ne5 Nxe5 14.
dxe5 Ne4 15. Nxe4 dxe4 16. Qg4 Qd5 17. Rfd1 Qc6 18. e6 f6 19. Rd7 Rce8 20. Rc4 h5 21. Qf5 b5 22. Bxe4 bxc4 23. Rxb7 Qxe4 24. Qxe4 cxb3 25. axb3 Rd8 26. Rxe7 1-0

[Event "Early-Titled-Tuesday-Blitz-February-20-2024"]
[Site "Chess.com"]
[Date "2024.02.20"]
[Round "5"]
[White "CarlosjPineror"]
[Black "ikhasu"]
[Result "0-1"]
[WhiteElo "2567"]
[BlackElo "2467"]
[TimeControl "180+1"]
[EndTime "8:54:51 PST"]
[Termination "ikhasu won by resignation"]

1. e4 e5 2. Nf3 Nc6 3. Bb5 Nge7 4.
c3 a6 5. Ba4 d6 6. h3 g6 7. d4 b5 8. Bb3 Bg7 9. O-O O-O 10. Re1 Na5 11. Bc2 c5 12. Bg5 h6 13.
Bh4 g5 14. Bg3 Ng6 15. Nbd2 cxd4 16. cxd4 exd4 17. Nb3 Nxb3 18. Bxb3 Qb6 19. Qd3 Ne5 20. Qd2 Nxf3+ 21. gxf3 Bxh3 22. Rad1 Be6 23. Qb4 Rad8 24. Rc1 a5 25. Qd2 Bxb3 26. axb3 Rc8 27. Kg2 Rc5 28. b4 axb4 29. Qxb4 Rfc8 30. Rcd1 Be5 31. Ra1 Rc4 32.
Qa5 Qxa5 33. Rxa5 Rb4 34. Re2 d3 35. Rd2 Rb3 36. Bxe5 dxe5 37. Ra7 Rc2 38. Rd1 Rbxb2 39. Rd7 Rxf2+ 40. Kg3 Rg2+ 41. Kh3 h5 42. Rh1 h4 0-1

[Event "Early-Titled-Tuesday-Blitz-February-20-2024"]
[Site "Chess.com"]
[Date "2024.02.20"]
[Round "5"]
[White "InitiatingASC"]
[Black "bulletteemo"]
[Result "1-0"]
[WhiteElo "2400"]
[BlackElo "2579"]
[TimeControl "180+1"]
[EndTime "8:54:52 PST"]
[Termination "InitiatingASC won by resignation"]

1. d4 Nf6 2. c4 e6 3. Nc3 c5 4.
e3 b6 5. Nf3 Bb7 6. Be2 d5 7.
O-O Be7 8. cxd5 exd5 9. dxc5 bxc5 10. b3 O-O 11. Ba3 Nbd7 12. Na4 Rc8 13. Rc1 Ne4 14.
Nd2 Nxd2 15. Qxd2 Bd6 16. Bf3 Qh4 17. g3 Qg5 18. Rfd1 Ne5 19. Bxd5 Ba6 20. f4 Qg4 21. fxe5 Bxe5 22. Nxc5 Be2 23. Re1 Bb5 24. Qb4 Qh3 25. Qxb5 Rcd8 26. Bg2 Qg4 27. Nd3 Bf6 28. Bxf8 1-0

[Event "Early-Titled-Tuesday-Blitz-February-20-2024"]
[Site "Chess.com"]
[Date "2024.02.20"]
[Round "5"]
[White "leclash"]
[Black "ValentunHulka"]
[Result "0-1"]
[WhiteElo "2390"]
[BlackElo "2778"]
[TimeControl "180+1"]
[EndTime "8:54:58 PST"]
[Termination "ValentunHulka won by resignation"]

1. d4 Nf6 2. c4 e6 3. Nc3 d5 4.
cxd5 exd5 5. Bg5 c6 6. Qc2 h6 7. Bxf6 Qxf6 8. e3 Bf5 9. Qb3 Nd7 10. Nge2 Be7 11. Ng3 Bg6 12. Be2 Rb8 13. O-O O-O 14.
Qa4 a6 15. Nxd5 cxd5 16. Qxd7 Rfd8 17. Qa4 Qe6 18. Rac1 Bd6 19. Rc3 Kh7 20. Rfc1 f5 21. Bf3 f4 22. Nf1 Be4 23. Nd2 Rf8 24. Nxe4 dxe4 25.
Qc2 Rbe8 26. Be2 Kh8 27. Bf1 Qf6 28. exf4 Bxf4 29. Re1 Qxd4 30. g3 Bd2 31. Rd1 Qxf2+ 32. Kh1 Bxc3 33. Qxf2 Rxf2 0-1

[Event "Early-Titled-Tuesday-Blitz-February-20-2024"]
[Site "Chess.com"]
[Date "2024.02.20"]
[Round "5"]
[White "tuschessCM1"]
[Black "Hovik_Hayrapetyan"]
[Result "0-1"]
[WhiteElo "2671"]
[BlackElo "2885"]
[TimeControl "180+1"]
[EndTime "8:54:59 PST"]
[Termination "Hovik_Hayrapetyan won by checkmate"]

1. c4 Nf6 2. Nc3 e5 3. g3 Bb4 4. Nd5 Nxd5 5. cxd5 O-O 6. Bg2 d6 7. e3 a5 8. Ne2 Bg4 9. h3 Bxe2 10. Qxe2 f5 11. a3 Bc5 12. d3 Nd7 13. O-O Bb6 14.
Bd2 Qf6 15. Kh2 Rae8 16. Rae1 f4 17. Qg4 f3 18. Bh1 Nc5 19. Qc4 e4 20. Bc3 Qh6 21.
dxe4 Rxe4 22. Bd4 Rf5 23. Qc2 Qxh3+ 24. Kg1 Rh5 25. Bxf3 Qh2# 0-1

[Event "Early-Titled-Tuesday-Blitz-February-20-2024"]
[Site "Chess.com"]
[Date "2024.02.20"]
[Round "5"]
[White "zurzan"]
[Black "Sofia_Blokhin"]
[Result "1-0"]
[WhiteElo "2070"]
[BlackElo "2239"]
[TimeControl "180+1"]
[EndTime "8:55:00 PST"]
[Termination "zurzan won by checkmate"]

1. c4 c5 2. Nc3 Nf6 3. g3 d5 4. cxd5 Nxd5 5. Bg2 Nc7 6. Nf3 Nc6 7. O-O e5 8. d3 Be7 9. a3 Be6 10. e3 O-O 11. Qc2 Qd7 12. Re1 f6 13. Na4 b6 14.
Nd2 Rad8 15. d4 exd4 16. Bxc6 Qxc6 17. exd4 Rxd4 18. Nc3 Bh3 19. f3 Re8 20. Nde4 f5 21.
Nf2 Qxf3 22. Nxh3 g5 23. Be3 g4 24. Nf4 Bg5 25. Qxf5 Bxf4 26. Bxf4 Rf8 27. Qg5+ Kf7 28. Re7# 1-0

[Event "Early-Titled-Tuesday-Blitz-February-20-2024"]
[Site "Chess.com"]
[Date "2024.02.20"]
[Round "5"]
[White "SharapovEvgeny"]
[Black "NewBornNow"]
[Result "0-1"]
[WhiteElo "2554"]
[BlackElo "2795"]
[TimeControl "180+1"]
[EndTime "8:55:01 PST"]
[Termination "NewBornNow won by resignation"]

1. e4 c5 2. Nf3 e6 3. c4 Nc6 4.
Nc3 Nd4 5. Be2 Ne7 6. O-O Nec6 7. d3 Be7 8. Nxd4 Nxd4 9. Kh1 O-O 10. f4 f5 11.
exf5 Nxe2 12. Qxe2 Rxf5 13. b3 b6 14. Bb2 Bb7 15. Rae1 Qf8 16. Qg4 h5 17. Qg3 Qf7 18.
Ne4 Rf8 19. h4 d5 20. Ng5 Bxg5 21. hxg5 d4 22. Bc1 e5 23. Rf2 exf4 24. Qh4 f3 25. g4 hxg4 26. Kg1 Re8 27. Ref1 Re2 28. g6 Qxg6 29. Rxe2 fxe2 30. Qd8+ Kh7 31. Re1 Qh5 0-1

[Event "Early-Titled-Tuesday-Blitz-February-20-2024"]
[Site "Chess.com"]
[Date "2024.02.20"]
[Round "5"]
[White "Fighterman91"]
[Black "AsaHoffmann"]
[Result "1-0"]
[WhiteElo "2775"]
[BlackElo "2363"]
[TimeControl "180+1"]
[EndTime "8:55:02 PST"]
[Termination "Fighterman91 won by resignation"]

1. e3 d6 2. d4 Nf6 3. Nf3 Bf5 4.
Bd3 Bg6 5. O-O Nbd7 6. Re1 e5 7. e4 Be7 8. Nc3 c6 9. a4 a5 10. h3 O-O 11. Be3 Re8 12. Nh4 Bf8 13. Nxg6 hxg6 14.
Bf1 Qc7 15. Rc1 Nh5 16. d5 Be7 17. g3 Nhf6 18. Bc4 Nb6 19. Bb3 c5 20. Qe2 Nh7 21. Nb5 Qd8 22. h4 Rc8 23. c4 Rf8 24. h5 gxh5 25. Qxh5 Nd7 26. Bc2 Ndf6 27. Qe2 Ne8 28. Kg2 Bg5 29. Rh1 Bxe3 30. Qxe3 Nef6 31. Rh4 g6 32. Rch1 Nh5 33. Bd1 Qg5 34. Qxg5 Nxg5 35. Bxh5 gxh5 36. Nxd6 Rcd8 37. Nf5 f6 38. Rxh5 1-0

[Event "Early-Titled-Tuesday-Blitz-February-20-2024"]
[Site "Chess.com"]
[Date "2024.02.20"]
[Round "5"]
[White "Lady_Nika"]
[Black "50Tugrik"]
[Result "1-0"]
[WhiteElo "2571"]
[BlackElo "2423"]
[TimeControl "180+1"]
[EndTime "8:55:02 PST"]
[Termination "Lady_Nika won on time"]

1. e4 b6 2. g3 Bb7 3. Bg2 g6 4.
d3 Bg7 5. Nc3 c5 6. Bd2 Nc6 7.
f4 d6 8. Nf3 Nf6 9. Rb1 a6 10.
O-O b5 11. Ne2 h5 12. h3 Qd7 13. c3 O-O-O 14. Be3 Ne8 15. a4 Nc7 16. axb5 axb5 17. d4 c4 18. d5 Na5 19. Nfd4 e5 20. fxe5 dxe5 21. Nc2 Nb3 22. Nb4 f5 23. Bg5 fxe4 24.
Bxd8 Rxd8 25. Bxe4 Qxh3 26. Bxg6 Bxd5 27. Bf5+ Qxf5 28. Rxf5 Be4 29. Qxd8+ Kxd8 30. Rd1+ Ke7 31. Rxh5 Bf3 32. Rh7 Kf6 33. Kf2 Bg4 34. Rd6+ Ne6 35. Nd5+ Kg6 36. Rh4 Bxe2 37. Kxe2 Nc5 38. Nc7 Kf5 39.
Nxe6 Nxe6 40. Rh5+ Kg4 41. Rh7 1-0

[Event "Early-Titled-Tuesday-Blitz-February-20-2024"]
[Site "Chess.com"]
[Date "2024.02.20"]
[Round "5"]
[White "fitod"]
[Black "Mr_November18"]
[Result "1-0"]
[WhiteElo "2431"]
[BlackElo "2129"]
[TimeControl "180+1"]
[EndTime "8:55:03 PST"]
[Termination "fitod won on time"]

1. e4 c5 2. Nf3 d6 3. d4 cxd4 4. Nxd4 Nf6 5. Nc3 g6 6. Be2 Bg7 7. O-O O-O 8. Be3 Nc6 9. Qd2 Nxd4 10. Bxd4 Be6 11. Rad1 a6 12. a3 Rc8 13. f4 Rxc3 14. Qxc3 Nxe4 15. Qe3 Nf6 16. c4 Qc8 17. Rc1 Bg4 18.
Bd3 Be6 19. h3 Re8 20. b4 Bf5 21. Be2 Be6 22. c5 dxc5 23. Rxc5 Qd7 24. Rd1 Qa4 25. Ra5 Qc2 26. Rc1 Qa2 27. Bf3 Rd8 28. Rac5 h5 29. R5c2 Qb3 30. Qxb3 Bxb3 31. Rc8 Rxc8 32. Rxc8+ Kh7 33.
Bxb7 Be6 34. Ra8 Nd5 35. Bxg7 Kxg7 36. Rxa6 Nxf4 37. Bf3 g5 38. Ra7 g4 39. hxg4 hxg4 40. Bc6 1-0

[Event "Early-Titled-Tuesday-Blitz-February-20-2024"]
[Site "Chess.com"]
[Date "2024.02.20"]
[Round "5"]
[White "noblerone"]
[Black "ElephantChessGenius"]
[Result "1-0"]
[WhiteElo "2534"]
[BlackElo "2317"]
[TimeControl "180+1"]
[EndTime "8:55:05 PST"]
[Termination "noblerone won by checkmate"]

1. d4 d5 2. c4 e6 3. Nc3 c6 4.
cxd5 exd5 5. Bf4 Nf6 6. Qc2 Bb4 7. e3 O-O 8. Bd3 h6 9. Nf3 Re8 10. O-O Qe7 11. a3 Bd6 12. Bxd6 Qxd6 13. b4 a5 14.
Rab1 Nbd7 15. Na4 axb4 16. axb4 b5 17. Nc5 Nb6 18. Ne5 Nc4 19. Nxf7 Kxf7 20. Bg6+ Kg8 21.
Bxe8 Nxe8 22. Ra1 Rxa1 23. Rxa1 Nc7 24. h3 Kf7 25. Ra7 Kf6 26. Qh7 Bf5 27. Qg8 Bg6 28. Qc8 Ne8 29. Rd7 Qf8 30. Qd8+ Kf5 31. Re7 Ncd6 32.
Re5# 1-0